Map: Acid Plant LE

Players

Nice - Winner!

  • Race: Protoss Protoss
  • Spawn Location: 11:00

Silky

  • Race: Zerg Zerg
  • Spawn Location: 5:00

Event: WCS Austin 2018

VOD

Have the link to the VOD?

Description

Time

  • Played on: June 1, 2018, 8:44 p.m.
  • Length: 12:33

All games in this series

Show
View Real Time Build Order
Export as new Build Order

Nice Protoss - Winner!

Build Orders: 1 Gate Expand, Oracle Opening, Phoenix Opening 

Get SALT Encoding   

  12  0:00  Probe  
  13  0:12  Probe  
  14  0:20  Pylon  
  14  0:24  Probe  
  15  0:36  Probe  
  15  0:39  Gateway  
  16  0:44  Probe  
  16  0:49  Assimilator  
  17  0:53  Probe  
  18  1:05  Probe  
  19  1:17  Probe  
  20  1:24  Nexus  
  20  1:34  Cybernetics Core  
  20  1:36  Probe  
  21  1:42  Assimilator  
  21  1:49  Probe  
  21  1:51  Pylon  
  22  2:01  Adept, Probe  
  23  2:13  Probe  
  26  2:21  Stargate  
  26  2:25  Probe  
  26  2:27  Adept  
  29  2:32  Probe  
  29  2:34  Warp Gate  
  30  2:37  Probe  
  30  2:40  Probe  
  32  2:49  Probe  
  32  2:50  Probe  
  33  2:54  Adept  
  33  2:56  Phoenix  
  36  3:01  Probe  
  36  3:02  Probe  
  40  3:13  Probe  
  40  3:16  Probe  
  40  3:18  Oracle  
  40  3:19  Pylon  
  42  3:23  Gateway  
  42  3:25  Probe  
  43  3:32  Adept  
  46  3:37  Probe, Pylon  
  46  3:38  Probe  
  50  3:49  Probe, Pylon  
  50  3:50  Probe  
  50  4:01  Oracle, Probe  
  54  4:11  Probe  
  53  4:20  Probe  
  53  4:23  Assimilator, Probe  
  53  4:24  Assimilator  
  53  4:25  Gateway, Twilight Council  
  53  4:26  Gateway  
  53  4:32  Probe  
  53  4:35  Probe  
  53  4:37  Robotics Facility  
  55  4:39  Adept  
  55  4:44  Resonating Glaives, Pylon  
  55  4:45  Adept  
  59  4:49  Probe x2, Pylon  
  61  5:01  Probe  
  61  5:02  Probe  
  61  5:03  Nexus  
  61  5:07  Pylon  
  63  5:14  Adept x2  
  65  5:16  Immortal, Probe x2  
  72  5:35  Probe x2  
  71  5:37  Forge  
  71  5:39  Robotics Bay  
  71  5:47  Shield Battery  
  71  5:49  Adept x3  
  77  5:52  Probe x2  
  77  5:54  Protoss Ground Weapons Level 1  
  79  6:00  Immortal  
  83  6:05  Probe x2  
  85  6:16  Probe  
  85  6:17  Probe x2  
  88  6:23  Blink  
  88  6:24  Sentry  
  90  6:25  Shield Battery  
  90  6:28  Probe  
  90  6:29  Probe x2  
  90  6:31  Pylon  
  90  6:32  Observer  
  94  6:40  Probe  
  94  6:41  Probe  
  94  6:43  Assimilator  
  94  6:45  Sentry x2  
  100  6:49  Assimilator  
  100  6:50  Colossus, Pylon  
  99  6:57  Pylon  
  105  7:12  Zealot x3, Sentry  
  113  7:18  Void Ray  
  113  7:33  Gateway  
  113  7:34  Gateway  
  113  7:36  Gateway  
  113  7:40  Colossus  
  113  7:42  Gateway  
  113  7:43  Pylon  
  113  7:46  Pylon, Protoss Ground Weapons Level 2  
  113  7:48  Pylon  
  119  8:00  Probe x3  
  119  8:02  Photon Cannon  
  119  8:03  Photon Cannon  
  119  8:05  Adept, Photon Cannon  
  124  8:07  Pylon  
  124  8:08  Extended Thermal Lance  
  124  8:33  Sentry x3  
  124  8:34  Sentry  
  132  8:37  Pylon  
  132  8:38  Pylon  
  132  8:39  Warp Prism  
  132  8:40  Pylon  
  132  8:41  Probe x2  
  134  8:43  Probe  
  132  8:53  Probe x2  
  134  8:55  Stalker, Probe  
  134  8:56  Stalker x2  
  134  8:57  Stalker x3  
  134  8:59  Zealot  
  149  9:05  Probe x2  
  151  9:10  Stalker  
  153  9:25  Colossus  
  153  9:26  Stalker x3  
  153  9:27  Stalker x4  
  167  9:37  Charge  
  173  9:41  Nexus  
  173  9:42  Pylon  
  173  9:45  Protoss Ground Weapons Level 3  
  171  10:05  Photon Cannon  
  171  10:06  Photon Cannon  
  167  10:08  Robotics Facility  
  167  10:25  Adept x4  
  167  10:26  Adept x4  
  183  10:35  Colossus  
  173  10:43  Probe  
  176  10:54  Stalker x3  
  176  10:55  Stalker x2  
  182  10:58  Immortal  
  178  11:15  Assimilator  
  178  11:19  Assimilator  
  178  11:24  Immortal  
  176  11:27  Zealot x4  
  176  11:28  Zealot x4  
  184  11:43  Warp Prism  
  154  11:54  Zealot x3  
  152  11:55  Zealot x5  
  152  11:59  Templar Archives  
  122  12:25  Zealot x8  
Show
View Real Time Build Order
Export as new Build Order

Silky Zerg 

Build Orders: Hatch First, Lurkers 

Get SALT Encoding   

  12  0:00  Drone  
  13  0:12  Overlord  
  13  0:17  Drone  
  14  0:31  Drone x2  
  16  0:47  Hatchery  
  15  0:51  Drone  
  15  0:54  Drone  
  17  0:58  Drone  
  18  1:08  Extractor  
  17  1:13  Spawning Pool  
  17  1:16  Drone  
  17  1:20  Drone  
  18  1:28  Drone  
  19  1:38  Drone  
  20  1:48  Overlord  
  20  1:59  Queen  
  20  2:00  Queen, Zergling x4  
  26  2:08  Metabolic Boost  
  26  2:10  Drone  
  26  2:12  Drone  
  28  2:21  Drone x2  
  30  2:35  Hatchery  
  29  2:41  Queen  
  31  2:46  Overlord  
  31  2:48  Drone  
  32  2:51  Drone  
  32  2:53  Drone  
  32  2:56  Zergling x2  
  35  2:58  Zergling x2  
  36  3:06  Overlord  
  36  3:07  Drone  
  36  3:12  Drone  
  38  3:13  Drone x2  
  38  3:17  Drone x2  
  42  3:21  Drone x2  
  44  3:28  Queen  
  44  3:33  Drone x3  
  49  3:43  Overlord  
  49  3:44  Overlord  
  49  3:47  Drone  
  49  3:50  Roach Warren  
  49  3:54  Zergling x2  
  49  3:55  Zergling x6  
  49  3:59  Zergling x2  
  46  4:06  Drone x3  
  42  4:17  Spore Crawler  
  40  4:24  Spore Crawler  
  40  4:27  Drone x2  
  40  4:31  Drone x2  
  43  4:34  Drone  
  44  4:38  Drone x2  
  44  4:42  Drone x2  
  48  4:48  Drone x3  
  51  4:55  Drone x2  
  51  4:58  Extractor  
  51  5:01  Overlord  
  51  5:02  Roach x2  
  51  5:05  Roach  
  57  5:07  Roach  
  57  5:12  Roach x2  
  63  5:16  Drone x2  
  63  5:19  Roach  
  66  5:26  Roach x2  
  66  5:27  Roach  
  72  5:28  Overlord  
  72  5:34  Drone  
  72  5:35  Drone  
  74  5:38  Overlord  
  74  5:39  Extractor  
  74  5:40  Overlord  
  73  5:46  Spore Crawler  
  73  5:49  Evolution Chamber, Roach x3  
  77  5:53  Roach x2  
  77  5:54  Zergling x2  
  80  5:59  Zergling x2  
  80  6:00  Zergling x4  
  83  6:05  Drone x3  
  83  6:07  Roach, Zergling x2  
  89  6:14  Roach  
  89  6:15  Drone x3  
  94  6:22  Zergling x2  
  94  6:23  Zergling x6  
  98  6:26  Lair  
  98  6:28  Overlord  
  98  6:31  Zerg Missile Weapons Level 1  
  98  6:45  Overlord  
  97  6:47  Drone x2  
  97  6:48  Drone x5  
  100  6:54  Zergling x6  
  100  6:55  Zergling x4  
  105  7:03  Ravager  
  105  7:04  Ravager x2  
  105  7:08  Overlord x2, Ravager  
  103  7:09  Overlord, Ravager x2  
  103  7:15  Drone x6  
  110  7:17  Drone x2  
  110  7:20  Drone x2  
  113  7:26  Overlord  
  113  7:29  Drone x2  
  115  7:30  Glial Reconstitution  
  115  7:33  Drone x2  
  117  7:37  Drone  
  117  7:38  Drone x2  
  117  7:39  Extractor  
  117  7:41  Extractor  
  116  7:49  Drone x2  
  116  7:50  Hydralisk Den  
  116  7:51  Drone  
  118  7:52  Hatchery  
  118  7:53  Extractor  
  118  7:54  Drone x2  
  118  7:58  Drone x3  
  120  8:05  Overlord  
  120  8:07  Roach x4  
  128  8:14  Drone  
  128  8:15  Drone x2  
  128  8:17  Drone  
  131  8:20  Hydralisk x3  
  131  8:21  Hydralisk  
  139  8:28  Hydralisk x3  
  139  8:32  Ravager x2  
  147  8:40  Lurker Den  
  145  8:43  Overlord  
  145  8:44  Hydralisk x2  
  144  8:54  Drone x5  
  149  8:57  Grooved Spines, Queen  
  149  9:00  Zergling x2  
  149  9:01  Roach  
  149  9:02  Roach x2, Extractor  
  157  9:04  Extractor  
  157  9:05  Ravager x2  
  157  9:07  Roach x2  
  162  9:10  Spore Crawler  
  162  9:13  Roach x3  
  162  9:15  Overlord  
  162  9:17  Overlord  
  167  9:26  Overlord  
  166  9:33  Hydralisk  
  166  9:34  Hydralisk x6  
  166  9:37  Overlord  
  176  9:42  Zergling x12  
  182  9:46  Roach  
  182  9:47  Roach  
  182  9:49  Roach  
  187  9:57  Overlord  
  187  9:58  Drone x4  
  184  10:08  Overlord  
  184  10:10  Roach x4  
  184  10:13  Overlord  
  192  10:18  Roach x3  
  192  10:19  Roach x2  
  198  10:23  Roach  
  197  10:38  Lurker x3  
  197  10:48  Hatchery  
  191  10:50  Overlord  
  191  10:53  Drone x3  
  191  10:54  Drone  
  194  10:59  Lurker x6  
  194  11:05  Overseer  
  194  11:10  Roach  
  196  11:11  Queen  
  198  11:20  Spire  
  198  11:21  Drone x3  
  198  11:25  Hatchery  
  199  11:34  Roach x3  
  172  11:43  Roach x3  
  172  11:44  Roach x7  
  164  11:53  Extractor  
  154  11:54  Extractor  
  153  12:03  Hatchery  
  153  12:06  Roach x7  
  144  12:10  Roach  
  144  12:11  Roach  
  144  12:13  Roach x2  
Tags
 
Add a new tag
Caveats
  • Supply blocks, unpowered buildings, or Contaminate may cause inaccurate times.
  • Supply counts are checked every 10 seconds.